 Dungeon Crawl Stone Soup version 0.27.1-34-g3ba077fa99 (webtiles) character file.

Game seed: 9668398247903152377

235 cbfl8 the Sneak (level 5, -9/47 HPs)
             Began as a Minotaur Delver on Jan 17, 2022.
             Killed by divine providence
             ... invoked by an orc priest
              (12 damage)
             ... on level 3 of the Dungeon.
             The game lasted 00:07:31 (2615 turns).

cbfl8 the Sneak (Minotaur Delver)                   Turns: 2615, Time: 00:07:31

Health: -9/47      AC:  8    Str: 17    XL:     5   Next: 76%
Magic:  4/4        EV: 11    Int:  8    God:
Gold:   64         SH:  0    Dex: 11    Spells: 4/4 levels left

rFire    . . .     SeeInvis .   i - +1 hand axe (vamp)
rCold    . . .     Faith    .   (no shield)
rNeg     . . .     Spirit   .   j - +0 ring mail
rPois    .         Reflect  .   (helmet restricted)
rElec    .         Harm     .   w - +2 cloak
rCorr    .         Rampage  .   (no gloves)
Will     .....                  (no boots)
Stlth    ++........             (no amulet)
HPRegen  0.15/turn              (no ring)
MPRegen  0.09/turn              (no ring)

@: no status effects
A: horns 2, retaliatory headbutt
a: no special abilities


You were on level 3 of the Dungeon.
You visited 1 branch of the dungeon, and saw 5 of its levels.

You collected 64 gold pieces.

Inventory:

Hand Weapons
 a - a +0 hand axe
 i - a +1 vampiric hand axe (weapon)
 m - a +0 lajatang
 p - a +2 whip of holy wrath
 v - a +2 dagger of draining
Armour
 b - a +0 leather armour
 j - a +0 ring mail (worn)
 w - a +2 cloak (worn)
Wands
 g - a wand of digging (3)
Scrolls
 c - a scroll of fog
 d - a scroll of magic mapping
 e - a scroll of fear
 h - 2 scrolls of identify {unknown}
 n - a scroll of acquirement {unknown}
 q - a scroll of teleportation {unknown}
 s - a scroll of vulnerability {unknown}
 t - a scroll of amnesia {unknown}
Potions
 f - a potion of haste
 k - a potion of magic {unknown}
 l - a potion of heal wounds {unknown}
 o - 2 potions of berserk rage
 r - a potion of ambrosia {unknown}
 u - a potion of curing {unknown}
 x - a potion of cancellation {unknown}
 z - a potion of brilliance {unknown}


   Skills:
 + Level 4.4 Fighting
 + Level 4.3 Axes
 + Level 2.4 Armour
 + Level 2.8 Dodging
 + Level 5.2 Stealth


You had 4 spell levels left.
You didn't know any spells.
Your spell library contained the following spells:

 Spells                   Type           Power      Damage    Failure   Level
 Fireball                 Conj/Fire      0%         3d3       100%        5
 Iskenderun's Battlesphe  Conj           0%         2d6       100%        5
 Conjure Ball Lightning   Conj/Air       0%         3x3d6     100%        6
 Orb of Destruction       Conj           0%         N/A       100%        7


Dungeon Overview and Level Annotations

Branches:
Dungeon (5/15)
 Temple: D:4-7

Altars:


Innate Abilities, Weirdness & Mutations

You have a pair of horns on your head.
You reflexively headbutt those who attack you in melee.


Message History

Unknown command.
You hit the orc priest.
You headbutt the orc priest, but do no damage.
The orc priest is moderately wounded.
The orc priest closely misses you.
Unknown command.
You barely miss the orc priest.
The orc priest is moderately wounded.
The orc priest invokes the aid of Beogh against you.
Beogh smites you!
Unknown command.
You hit the orc priest.
You feel better.
The orc priest is heavily wounded.
The orc priest hits you but does no damage.
Unknown command.
You hit the orc priest but do no damage.
The orc priest is heavily wounded.
The orc priest barely misses you.
Unknown command.
You hit the orc priest.
The orc priest is severely wounded.
The orc priest hits you with a +0 short sword.
A kobold comes into view. It is wielding a +0 dagger.
You hit the orc priest but do no damage.
You headbutt the orc priest.
The orc priest is almost dead.
The orc priest hits you but does no damage.
You hit the orc priest but do no damage.
The orc priest is almost dead.
The orc priest hits you with a +0 short sword.
Unknown command.
You hit the orc priest but do no damage.
You headbutt the orc priest, but do no damage.
The orc priest is almost dead.
The orc priest invokes the aid of Beogh against you.
Beogh smites you!
* * * LOW HITPOINT WARNING * * *
The orc priest mumbles some strange prayers to Beogh against you.
Beogh smites you!
You die...

#####...#
#.#..#
[.......#
#....#.#
.####...#
#.##.#. ##.##
#..... ..#
..... ##.# ##
##... ...
.#.#o. ...
#.##o# ##..
.#.# ###.##@#
...... .#
#.....)####.#
##
#.#.##.)....#
# #
#.##.###### #
# #.##.# #
#>#.##.# #
#.#.##.# #
#......# #
###.####


You could see an orc priest and an orc.

Vanquished Creatures
  2 orc priests (D:3)
  A hound (D:4)
  Natasha (D:2)
  Terence (D:3)
  3 adders
  A worm (D:2)
  11 orcs (D:3)
  7 ball pythons
  3 bats (D:3)
  4 endoplasms
  4 goblins
  3 hobgoblins
  3 jackals (D:1)
  7 kobolds
  2 frilled lizards
  5 rats
58 creatures vanquished.

Vanquished Creatures (others)
  2 plants (D:1)
2 creatures vanquished.

Grand Total: 60 creatures vanquished

Notes
Turn   | Place    | Note
-------+----------+-------------------------------------------
     0 | D:5      | cbfl8 the Minotaur Delver began the quest for the Orb.
     0 | D:5      | Reached XP level 1. HP: 19/19 MP: 0/0
    51 | D:4      | Noticed a hound
    55 | D:4      | Killed a hound
    56 | D:4      | Reached XP level 2. HP: 16/27 MP: 1/1
    56 | D:4      | Reached XP level 3. HP: 19/33 MP: 2/2
   796 | D:2      | Reached skill level 5 in Stealth
  1146 | D:1      | Reached XP level 4. HP: 40/40 MP: 3/3
  1221 | D:1      | Found a faded altar of an unknown god.
  2123 | D:2      | Noticed Natasha
  2130 | D:2      | Killed Natasha
  2131 | D:2      | Reached skill level 1 in Armour
  2302 | D:3      | Noticed Terence
  2317 | D:3      | Killed Terence
  2318 | D:3      | Reached XP level 5. HP: 31/46 MP: 4/4
  2615 | D:3      | Killed from afar by an orc priest

Illustrated notes

Levels and vault maps discovered:
D:1:      pf_arrival_petrified_forest, layout_basic,
          shapermc_ecumenical_altar_mp_urbaneastern, minmay_misc_feat_five
D:2:      layout_basic, minmay_misc_feat_diagonals, minmay_pentomino_z2,
          uniq_natasha
D:3:      layout_loops_cross, uniq_crazy_yiuf_cottage, uniq_robin, uniq_terence
D:4:      layout_layer_cave, lightli_temple_of_fire
D:5:      layout_loops_corners, mainiacjoe_overflow_alcove_4,
          mainiacjoe_overflow_paths, kennysheep_generic_room_9

Skill      XL: |  1  2  3  4  5 |
---------------+----------------+-----
Stealth        | 5 |  5.2
Axes           | 3 4 |  4.3
Fighting       | 4 |  4.4
Armour         | 1 2 |  2.4
Dodging        | |  2.8

Action                   |  1- 3 |  4- 6 || total
-------------------------+-------+-------++-------
Melee: Hand axe          |    44 |    96 ||   140
       Headbutt          |     8 |    20 ||    28
 Stab: Sleeping          |     3 |     2 ||     5
Armor: Leather armour    |     2 |       ||     2
       Ring mail         |     8 |    31 ||    39
Dodge: Dodged            |    29 |    62 ||    91
